Map: Prion Terraces

Players

ILLBdA - Winner!

  • Race: Protoss Protoss
  • League: Diamond

Blanc

  • Race: Terran Terran
  • League: Diamond

VOD

Have the link to the VOD?

Description

Time

  • Played on: Dec. 11, 2015, 7:11 a.m.
  • Length: 5:59
Show
View Real Time Build Order
Export as new Build Order

ILLBdA Protoss - Winner!

Build Orders: 1 Gate Expand 

Get SALT Encoding   

  12  0:01  Probe (Chrono Boost)  
  13  0:11  Probe (Chrono Boost)  
  14  0:18  Pylon  
  14  0:22  Probe (Chrono Boost)  
  15  0:36  Probe (Chrono Boost)  
  15  0:37  Gateway  
  16  0:43  Assimilator  
  16  0:46  Probe (Chrono Boost)  
  18  0:57  Probe (Chrono Boost)  
  18  1:07  Probe (Chrono Boost)  
  19  1:18  Probe (Chrono Boost)  
  20  1:25  Nexus  
  20  1:31  Cybernetics Core  
  20  1:35  Probe (Chrono Boost)  
  21  1:45  Probe (Chrono Boost)  
  22  1:48  Assimilator  
  22  1:49  Pylon  
  22  1:56  Probe (Chrono Boost)  
  22  2:01  Pylon  
  23  2:08  Adept, Warp Gate  
  25  2:16  Mothership Core (Chrono Boost)  
  27  2:34  Probe (Chrono Boost)  
  27  2:35  Robotics Facility  
  28  2:43  Probe (Chrono Boost)  
  29  2:45  Probe (Chrono Boost)  
  29  2:47  Adept  
  32  2:54  Probe (Chrono Boost)  
  32  2:56  Probe (Chrono Boost)  
  34  3:05  Probe (Chrono Boost)  
  35  3:07  Gateway  
  35  3:13  Gateway  
  35  3:24  Immortal (Chrono Boost)  
  39  3:59  Immortal (Chrono Boost)  
  39  4:01  Gateway  
  43  4:03  Gateway  
  43  4:13  Probe  
  44  4:17  Sentry x2  
  44  4:20  Pylon  
  46  4:25  Sentry  
  48  4:32  Warp Prism (Chrono Boost)  
  50  4:40  Pylon  
  50  4:43  Zealot x2  
  54  4:58  Zealot  
  54  4:59  Zealot  
  58  5:00  Adept  
  58  5:03  Probe  
  58  5:05  Immortal  
  65  5:15  Pylon  
  61  5:29  Adept x2  
  61  5:30  Adept x3  
Show
View Real Time Build Order
Export as new Build Order

Blanc Terran 

Build Orders: Reaper Expand 

Get SALT Encoding   

  12  0:00  SCV  
  13  0:13  SCV  
  14  0:17  Supply Depot  
  14  0:25  SCV  
  15  0:39  SCV  
  15  0:41  Barracks  
  16  0:45  Refinery  
  16  0:51  SCV  
  17  1:03  SCV  
  18  1:15  SCV  
  19  1:29  Reaper, Orbital Command  
  20  1:43  Command Center  
  20  1:54  SCV  
  20  1:56  Supply Depot  
  21  2:05  Barracks Reactor  
  21  2:06  SCV  
  22  2:19  SCV  
  23  2:30  Factory  
  23  2:31  SCV  
  24  2:38  Bunker  
  24  2:43  SCV  
  25  2:47  Marine x2  
  27  2:56  Orbital Command  
  27  2:58  SCV  
  28  3:02  Refinery  
  28  3:06  Barracks  
  28  3:07  Marine  
  28  3:08  Barracks  
  28  3:09  Marine  
  30  3:14  Factory Tech Lab  
  30  3:17  SCV  
  31  3:22  SCV  
  32  3:27  Marine  
  32  3:28  Marine  
  32  3:30  SCV  
  35  3:34  SCV  
  35  3:35  Cyclone  
  35  3:41  Engineering Bay  
  39  3:45  SCV  
  39  3:47  SCV  
  41  3:51  Marine x2  
  43  4:02  SCV  
  43  4:03  SCV  
  43  4:08  Barracks Tech Lab  
  43  4:09  Barracks Tech Lab  
  43  4:14  SCV  
  44  4:22  SCV  
  45  4:27  SCV  
  45  4:28  Supply Depot  
  46  4:31  Missile Turret  
  46  4:44  Starport  
  46  4:49  SCV x2, Marine x2  
  50  5:00  Marine  
  50  5:02  SCV x2  
  52  5:11  Supply Depot, Marine x2  
  52  5:13  Concussive Shells  
  54  5:21  Marine  
  50  5:28  Marine  
  50  5:29  Marine  
  47  5:38  Marine  
  38  5:46  SCV  
Tags
 
Add a new tag
Caveats
  • Supply blocks, unpowered buildings, or Contaminate may cause inaccurate times.
  • Supply counts are checked every 10 seconds.